 Dungeon Crawl Stone Soup version 0.28.0-53-g5a82cb258f (webtiles) character file.

Game seed: 2518588803227666480

120 Sin92 the Skirmisher (level 4, 0/35 HPs)
             Began as a Demonspawn Fighter on June 30, 2022.
             Slain by Grinder (8 damage)
             ... on level 3 of the Dungeon.
             The game lasted 00:03:29 (1942 turns).

Sin92 the Skirmisher (Demonspawn Fighter)           Turns: 1942, Time: 00:03:29

Health: 0/35       AC:  6    Str: 18    XL:     4   Next: 75%
Magic:  4/4        EV:  9    Int:  9    God:
Gold:   129        SH:  4    Dex: 13    Spells: 3/3 levels left

rFire   . . .      SeeInvis .   a - +0 war axe
rCold   . . .      Faith    .   c - +0 buckler
rNeg    . . .      Spirit   .   b - +0 scale mail
rPois   .          Reflect  .   (no helmet)
rElec   .          Harm     .   (no cloak)
rCorr   .          Rampage  .   (no gloves)
Will    .....                   (no boots)
Stlth   ..........              (no amulet)
HPRegen 0.11/turn               (no ring)
MPRegen 0.09/turn               (no ring)

@: mighty
A: hooves 1, powered by pain 1
a: no special abilities


You were on level 3 of the Dungeon.
You visited 1 branch of the dungeon, and saw 3 of its levels.

You collected 129 gold pieces.

Inventory:

Hand Weapons
 a - a +0 war axe (weapon)
Armour
 b - a +0 scale mail (worn)
 c - a +0 buckler (worn)
Scrolls
 f - a scroll of blinking {unknown}
 g - 2 scrolls of identify {unknown}
Potions
 e - a potion of degeneration {unknown}
 i - a potion of mutation {unknown}


   Skills:
 + Level 3.5 Fighting
 * Level 3.0 Axes
 + Level 3.2 Armour
 + Level 1.3 Dodging
 + Level 3.1 Shields


You had 3 spell levels left.
You didn't know any spells.
Your spell library was empty.

Dungeon Overview and Level Annotations

Branches:
Dungeon (3/15)

Altars:

Annotations:
D:3 Grinder


Innate Abilities, Weirdness & Mutations

You have large cloven feet.
You sometimes gain a little power by taking damage.


Message History

There is an escape hatch in the floor here.
You slide downwards.
The hatch slams shut behind you.
Grinder shouts!
You feel very mighty all of a sudden.
You closely miss the adder. You kick the adder.
The adder is moderately wounded.
You block the adder's attack. The adder closely misses you.
You slash the adder!
You kill the adder!
Grinder blinks!
You see here an adder corpse.
Grinder gestures at you.
You barely resist.
A rat comes into view.
Grinder barely misses you.
You slash Grinder! You kick Grinder.
Grinder is moderately wounded.
Grinder hits you.
You hit Grinder.
Grinder is heavily wounded.
Grinder gestures at you.
You suddenly lose the ability to move!
The rat bites you but does no damage. Grinder gestures at you.
You resist with significant effort. The rat barely misses you.
Grinder hits you.
You writhe in agony.
The rat bites you. Grinder hits you.
You writhe in agony.
* * * LOW HITPOINT WARNING * * *
The rat bites you.
* * * LOW HITPOINT WARNING * * *
Grinder gestures at you.
You barely resist.
You can move again.
Unknown command.
Unknown command.
You slash Grinder!
Grinder is severely wounded.
You barely miss the rat. The rat barely misses you.
Grinder grins, showing sharp teeth.
Grinder hits you!
You die...

#.#. ##..###
#...#. ....
... #.# #
...#.###r##.#
#....5@....#
###.###†####
#.# #.# #.#
..# #.# #..
###


You could see Grinder and a rat.

Vanquished Creatures
  A hound (D:2)
  5 adders
  4 endoplasms
  5 giant cockroaches
  4 goblins
  A hobgoblin (D:2)
  2 jackals (D:2)
  2 quokkas
  4 ball pythons
  7 bats
  2 frilled lizards
  3 kobolds
  4 rats (D:1)
44 creatures vanquished.

Notes
Turn   | Place    | Note
-------+----------+-------------------------------------------
     0 | D:1      | Sin92 the Demonspawn Fighter began the quest for the Orb.
     0 | D:1      | Reached XP level 1. HP: 18/18 MP: 1/1
   373 | D:1      | Gained mutation: You have large cloven feet. [demonic
                  | ancestry]
   373 | D:1      | Reached XP level 2. HP: 24/24 MP: 2/2
  1238 | D:2      | Gained mutation: You sometimes gain a little power by
                  | taking damage. [demonic ancestry]
  1238 | D:2      | Reached XP level 3. HP: 26/29 MP: 3/3
  1480 | D:2      | Reached skill level 1 in Dodging
  1666 | D:2      | Reached XP level 4. HP: 30/35 MP: 4/4
  1929 | D:3      | Noticed Grinder
  1938 | D:3      | Paralysed by Grinder for 4 turns
  1942 | D:3      | Slain by Grinder

Illustrated notes

Levels and vault maps discovered:
D:1:      kilobyte_arrival_exit_the_forest, layout_basic,
          chequers_serial_rivers_marsh
D:2:      layout_rooms
D:3:      layout_loops_corners, serial_park_tiny_2, uniq_robin, uniq_grinder

Skill      XL: |  1  2  3  4 |
---------------+-------------+-----
Axes           | 2 3 |  3.0
Armour         | 3 |  3.2
Shields        | 3 |  3.1
Dodging        | 1 |  1.3
Fighting       | |  3.5

Action                   |  1- 3 |  4- 6 || total
-------------------------+-------+-------++-------
Melee: War axe           |   112 |    12 ||   124
       Kick              |    16 |     2 ||    18
  Use: Potion            |     1 |     1 ||     2
       Scroll            |       |     1 ||     1
Armor: Scale mail        |    91 |     4 ||    95
Dodge: Dodged            |    81 |    11 ||    92
Block: Buckler           |    38 |     1 ||    39
